 Dungeon Crawl Stone Soup version 0.31-a0-819-gf6de2f5ab6 (webtiles) character file.

Game seed: 9761578279535736236

959 TheScarfBastard the Cudgeller (level 7, -18/82 HPs)
             Began as a Demonspawn Berserker on Sept 24, 2023.
             Was a Believer of Trog.
             Demolished by an ogre
             ... wielding a +0 giant spiked club
              (26 damage)
             ... on level 5 of the Dungeon.
             The game lasted 00:08:57 (3045 turns).

TheScarfBastard the Cudgeller (DsBe)                Turns: 3045, Time: 00:08:57

Health: -18/82     AC: 13    Str: 19    XL:     7   Next: 91%
Magic:  7/7        EV: 12    Int:  8    God:    Trog [**....]
Gold:   33         SH:  0    Dex: 13    Spells: 6/6 levels left

rFire   . . .        c - +2 flail (freeze)
rCold   + . .        (no shield)
rNeg    . . .        i - +2 ring mail
rPois   .            o - +0 helmet
rElec   .            (no cloak)
rCorr   .            (no gloves)
SInv    .            d - +2 pair of boots
Will    .....        (no amulet) Stlth
                     l - ring of protection from cold
HPRegen 0.33/turn    (no ring)
MPRegen 0.10/turn

%: no passive effects
@: berserking, about to teleport, very quick
A: rugged brown scales 1, demonic guardian 1
a: Renounce Religion, Berserk, Trog's Hand


You were on level 5 of the Dungeon.
You worshipped Trog.
Trog was pleased with you.
You visited 2 branches of the dungeon, and saw 5 of its levels.

You collected 257 gold pieces.
You spent 224 gold pieces at shops.

Inventory:

Hand Weapons
 a - a +0 hand axe
 c - a +2 flail of freezing (weapon)
Armour
 b - a +0 animal skin
 d - a +2 pair of boots (worn)
 e - a +0 leather armour
 i - a +2 ring mail (worn)
 o - a +0 helmet (worn)
Jewellery
 l - a ring of protection from cold (left hand)
Wands
 h - a wand of flame (26)
 n - a wand of polymorph (6)
 q - a wand of paralysis (6)
Scrolls
 f - 2 scrolls of teleportation
 g - 3 scrolls of immolation
 k - a scroll of amnesia
Potions
 j - a potion of might {unknown}
 m - 2 potions of attraction {unknown}


   Skills:
 + Level 4.1 Fighting
 + Level 4.7(5.7) Axes
 + Level 4.9(5.8) Maces & Flails
 + Level 3.3 Armour
 + Level 3.4 Dodging
 + Level 0.6 Stealth
 + Level 1.0 Unarmed Combat


You had 6 spell levels left.
You didn't know any spells.
Your spell library was empty.

Dungeon Overview and Level Annotations

Branches:
Dungeon (5/15)             Temple (1/1) D:5

Altars:
Cheibriados
Dithmenos
Kikubaaqudgha
Sif Muna
Yredelemnul

Shops:
D:5 ?


Innate Abilities, Weirdness & Mutations

You are partially covered in rugged brown scales. (AC +1, +3% HP)
A weak demonic guardian rushes to your aid.


Message History

You enter the shallow water.
Moving in this stuff is going to be slow.
There is a staircase to the Ecumenical Temple here.
You climb downwards.
Welcome to the Ecumenical Temple!
Found a staircase back to the Dungeon.
There is a staircase back to the Dungeon here.
Found six altars.
There is a fountain of sparkling water here.
There is an ancient bone altar of Kikubaaqudgha here.
There is a staircase back to the Dungeon here.
You climb upwards.
Welcome back to the Dungeon!
There is a staircase to the Ecumenical Temple here.
You enter the shallow water.
Moving in this stuff is going to be slow.
An ogre comes into view. It is wielding a +0 giant spiked club.
The ogre shouts!
The ogre hits you with a +0 giant spiked club!!
Ouch! That really hurt!
A demonic guardian appears!
You barely miss the ogre.
The ogre hits you with a +0 giant spiked club!!
* * * LOW HITPOINT WARNING * * *
You hit the ogre. You freeze the ogre.
The ogre is lightly wounded.
Your quasit bites the ogre.
Your quasit barely misses the ogre.
Your quasit claws the ogre.
Unknown command.
Okay, then.
As you read the scroll of teleportation, it crumbles to dust.
You feel strangely unstable.
Your quasit bites the ogre.
Your quasit claws the ogre. x2
The ogre hits you with a +0 giant spiked club.
* * * LOW HITPOINT WARNING * * *
Your quasit completely misses the ogre.
Your quasit claws the ogre. x2
A red film seems to cover your vision as you go berserk!
You feel yourself moving faster!
You feel mighty!
Your quasit bites the ogre but does no damage.
Your quasit barely misses the ogre.
Your quasit claws the ogre.
The ogre hits you with a +0 giant spiked club!!
You die...

#.#
##..>....................
#.#
######################†#
#.# ..# #.# #.# #.# #.#
#.# ### #.# #.# #.# #<#
#.# #.# # #.# #.# #.# #.#
# #.# #.#
#O##############.#
#####.# #.#
#@5..............#
....#.#
#.##.########.#########
###.#.# #.##.##..~~~..# #
#.#.# #.##.##.~~§~~.# #
#.#.# #.##.##~~~§~§~# #
#.#.#####.##.##~§~>~~~# #
#.........##.##§~§~§~~#
#####.########.##.~~§~~.#
....#.# #.....~~~..#


You could see an ogre (ally target) and a friendly quasit (summoned).

Vanquished Creatures
  5 yaks (D:5)
  A phantom (D:3)
  A scorpion (D:5)
  Ijyb (D:3)
  3 adders
  A worm (D:2)
  3 dart slugs
  4 orcs (D:5)
  4 endoplasms
  2 giant cockroaches (D:1)
  7 hobgoblins
  4 jackals (D:2)
  3 kobolds
  2 quokkas (D:1)
  8 ball pythons
  2 bats
  2 frilled lizards (D:2)
  A goblin (D:2)
  5 rats
59 creatures vanquished.

Vanquished Creatures (collateral kills)
  An endoplasm (D:2)
  A goblin (D:2)
2 creatures vanquished.

Grand Total: 61 creatures vanquished

Notes
Turn   | Place    | Note
-------+----------+-------------------------------------------
     0 | D:1      | TheScarfBastard the Demonspawn Berserker began the quest
                  | for the Orb.
     0 | D:1      | Reached XP level 1. HP: 18/18 MP: 1/1
   219 | D:1      | Gained mutation: A weak demonic guardian rushes to your
                  | aid. [demonic ancestry]
   219 | D:1      | Reached XP level 2. HP: 24/24 MP: 2/2
   705 | D:2      | Gained mutation: You are partially covered in rugged brown
                  | scales. (AC +1, +3% HP) [demonic ancestry]
   705 | D:2      | Reached XP level 3. HP: 29/29 MP: 3/3
   785 | D:2      | Reached ** piety under Trog
  1000 | D:2      | Found a shimmering blue altar of Sif Muna.
  1465 | D:3      | Noticed Ijyb
  1475 | D:3      | Killed Ijyb
  1476 | D:3      | Reached XP level 4. HP: 34/36 MP: 4/4
  1940 | D:3      | Noticed a phantom
  1948 | D:3      | Killed a phantom
  1949 | D:3      | Reached skill level 1 in Maces & Flails
  1949 | D:3      | Reached XP level 5. HP: 42/42 MP: 5/5
  1950 | D:3      | You fall into a shaft and drop 2 floors!
  1950 | D:5      | Entered Level 5 of the Dungeon
  2207 | D:5      | Noticed a yak
  2208 | D:5      | Noticed a yak
  2220 | D:5      | Killed a yak
  2221 | D:5      | Reached XP level 6. HP: 49/49 MP: 6/6
  2231 | D:5      | Killed a yak
  2297 | D:5      | Noticed a yak
  2297 | D:5      | Noticed a yak
  2299 | D:5      | Noticed a yak
  2304 | D:5      | Reached XP level 7. HP: 54/54 MP: 7/7
  2308 | D:5      | Killed a yak
  2311 | D:5      | Killed a yak
  2318 | D:5      | Killed a yak
  2319 | D:5      | Reached skill level 1 in Unarmed Combat
  2482 | D:5      | Found Peimewism's Magic Scroll Shoppe.
  2507 | D:5      | Bought a scroll of enchant weapon for 112 gold pieces
  2507 | D:5      | Bought a scroll of enchant armour for 112 gold pieces
  2985 | D:5      | Found a staircase to the Ecumenical Temple.
  2997 | Temple   | Entered the Ecumenical Temple
  3045 | D:5      | Demolished by an ogre

Illustrated notes

Levels and vault maps discovered:
D:1:      minmay_arrival_stair_chambers, layout_loops_cross, minmay_pentomino_v2
D:2:      layout_basic, basic_altar
D:3:      layout_loops_corners, lemuel_doored_altar, minitemple,
          amcnicky_mini_corridor_feature, grunt_decor_arrowhead, uniq_ijyb
D:5:      layout_basic, minmay_temple_entry_mist, serial_shops,
          nicolae_shop_rolling_square
Temple:   nicolae_temple_stand_before_the_council

Skill      XL: |  1  2  3  4  5  6  7 |
---------------+----------------------+-----
Axes           | 3 4 |  4.7
Dodging        | 2 3 |  3.4
Armour         | 2 3 |  3.3
Maces & Flails | 1 2 3 4 |  4.9
Fighting       | 4 |  4.1
Unarmed Combat | 1 |  1.0
Stealth        | |  0.6

Action                     |  1- 3 |  4- 6 |  7- 9 || total
---------------------------+-------+-------+-------++-------
  Melee: Hand axe          |    96 |       |       ||    96
         Flail             |    10 |    43 |    35 ||    88
         Unarmed           |     5 |     1 |       ||     6
         Punch             |       |     2 |     1 ||     3
 Invoke: Berserk           |     1 |     3 |     2 ||     6
    Use: Scroll            |     2 |     5 |     5 ||    12
 Armour: Animal skin       |    10 |       |       ||    10
         Leather armour    |    25 |       |       ||    25
         Ring mail         |    12 |    26 |    20 ||    58
         Skin              |     2 |       |       ||     2
  Dodge: Dodged            |    75 |    17 |     8 ||   100

Table legend: (Time is in decaauts)
 A = Elapsed time spent in this place.
 B = Non-inter-level travel time spent in this place.
 C = Inter-level travel time spent in this place.
 D = Time resting spent in this place.
 E = Time spent auto-exploring this place.
 F = Levels seen in this place.
 G = Mean time per level.
                   A        B        C        D        E       F      G
               +--------+--------+--------+--------+--------+-----+--------+
         Total |   3116 |   3050 |     66 |      0 |   2219 |   5 |  623.2 |
       Dungeon |   3088 |   3022 |     66 |      0 |   2219 |   4 |  772.0 |
        Temple |     27 |     27 |      0 |      0 |      0 |   1 |   27.0 |
               +--------+--------+--------+--------+--------+-----+--------+

Top non-repeatable levels by time:
     D:5: 1106 daAuts
     D:2: 846 daAuts
     D:1: 643 daAuts
     D:3: 492 daAuts
  Temple: 27 daAuts
